 Dungeon Crawl Stone Soup version 0.31-a0-702-gf82c85558f (webtiles) character file.

Game seed: 762166959643680273

380 qw the Shooter (level 6, -1/38 HPs)
             Began as a Gargoyle Hunter on Sept 7, 2023.
             Slain by an orc warrior
             ... wielding a +0 morningstar
              (5 damage)
             ... on level 4 of the Dungeon.
             The game lasted 00:01:03 (2891 turns).

qw the Shooter (Gargoyle Hunter)                    Turns: 2891, Time: 00:01:03

Health: -1/38      AC: 11    Str: 14    XL:     6   Next: 75%
Magic:  6/6        EV: 11    Int: 10    God:
Gold:   232        SH:  0    Dex: 20    Spells: 5/5 levels left

rFire   . . .        Y - +0 shortbow
rCold   + . .        (shield currently unavailable)
rNeg    + + .        j - +1 ring mail "Ticem" {rN+ rCorr Dex+5}
rPois   inf          f - +0 helmet
rElec   +            (no cloak)
rCorr   +            (no gloves)
SInv    .            (no boots)
Will    .....        (no amulet)
Stlth   +            i - ring of protection from cold
HPRegen 0.26/turn    (no ring)
MPRegen 0.10/turn

%: no passive effects
@: no status effects
A: sickness immunity, AC +4, negative energy resistance 1, electricity
resistance, torment resistance 1, petrification resistance
a: no special abilities


You were on level 4 of the Dungeon.
You visited 1 branch of the dungeon, and saw 4 of its levels.

You collected 232 gold pieces.


Innate Abilities, Weirdness & Mutations

You are immune to sickness and miasma.
Your stone body is resilient. (AC +4)
You are immune to poison.
You resist negative energy. (rN+)
You are resistant to electric shocks. (rElec)
You are resistant to unholy torment.
You are immune to petrification.


   Skills:
 - Level 4.0 Fighting
 - Level 7.1 Ranged Weapons
 - Level 1.0 Armour
 + Level 1.5 Dodging
 - Level 1.1 Stealth


You had 5 spell levels left.
You didn't know any spells.
Your spell library was empty.

Inventory:

Hand Weapons
 Y - a +0 shortbow (weapon)
Armour
 f - a +0 helmet (worn)
 j - the +1 ring mail "Ticem" (worn) {rN+ rCorr Dex+5}
   (You found it on level 2 of the Dungeon)

   Dex+5:     It affects your dexterity (+5).
   rN+:       It protects you from negative energy.
   rCorr:     It protects you from acid and corrosion.
Jewellery
 i - a ring of protection from cold (left hand)
Scrolls
 b - a scroll of fear {unknown}
 m - 2 scrolls of identify
Potions
 c - a potion of haste
 e - a potion of degeneration {unknown}
 h - 3 potions of curing
 k - a potion of brilliance {unknown}

Dungeon Overview and Level Annotations

Branches:
Dungeon (4/15)
 Temple: D:4-7

Altars:


Message History

The orc warrior is lightly wounded.
The orc warrior barely misses you.
You shoot an arrow.
The arrow barely misses the orc warrior.
The orc warrior hits you but does no damage.
You shoot an arrow. The arrow hits the orc warrior.
The orc warrior is lightly wounded.
The orc warrior hits you with a +0 morningstar!
2883 ||| DRINKING potion of heal wounds.
You feel much better. The orc warrior completely misses you.
You shoot an arrow.
The arrow closely misses the orc warrior.
The orc warrior closely misses you.
You shoot an arrow. The arrow hits the orc warrior.
The orc warrior is moderately wounded.
The orc warrior hits you with a +0 morningstar.
The orc warrior hits you with a +0 morningstar!
You shoot an arrow. The arrow hits the orc warrior.
The orc warrior is moderately wounded.
The orc warrior hits you but does no damage.
You shoot an arrow.
The arrow closely misses the orc warrior.
The orc warrior closely misses you.
You shoot an arrow.
The arrow hits the orc warrior but does no damage.
The orc warrior is moderately wounded.
The orc warrior barely misses you.
You shoot an arrow.
The arrow hits the orc warrior but does no damage.
The orc warrior is moderately wounded.
The orc warrior hits you with a +0 morningstar!
You shoot an arrow.
The arrow hits the orc warrior but does no damage.
The orc warrior is moderately wounded.
The orc warrior barely misses you.
You shoot an arrow. The arrow hits the orc warrior.
The orc warrior is heavily wounded.
The orc warrior hits you with a +0 morningstar.
You die...

#...........# #.
#.........# #.
##.......####.
#..........###
#....(........
#...........## ..#
#.........#...
.....######.........###.
#.).o@.............###
......#######......#.# #
}"#.. ######%#.### ...
#...##. ..# ######..##.
. ...........
######..#.# #..#.#
#....#


You could see an orc warrior.

Vanquished Creatures
  A black bear (D:4)
  A phantom (D:4)
  A hound (D:4)
  Jessica (D:2)
  An orc wizard (D:4)
  Robin (D:3)
  4 adders
  A worm (D:3)
  2 dart slugs
  5 orcs
  6 ball pythons
  5 endoplasms
  3 giant cockroaches (D:2)
  15 goblins
  9 hobgoblins
  9 kobolds
  3 quokkas
  4 bats
  3 frilled lizards
  4 rats
79 creatures vanquished.

Notes
Turn   | Place    | Note
-------+----------+-------------------------------------------
     0 | D:1      | qw the Gargoyle Hunter began the quest for the Orb.
     0 | D:1      | Reached XP level 1. HP: 12/12 MP: 1/1
     0 | D:1      | 0 ||| qw: Version: 0.3-a-76-g4403597
     0 | D:1      | 0 ||| qw: Game counter: 886
     0 | D:1      | 0 ||| qw: Melee chars always use a shield: true
     0 | D:1      | 0 ||| qw: God list: Okawaru
     0 | D:1      | 0 ||| qw: Allow faded altars: false
     0 | D:1      | 0 ||| qw: Do Orc after clearing Dungeon:15 true
     0 | D:1      | 0 ||| qw: Do second Lair branch before Depths: true
     0 | D:1      | 0 ||| qw: Lair rune preference: random
     0 | D:1      | 0 ||| qw: Goals: Normal
     0 | D:1      | 0 ||| PLANNING D:1-11
    35 | D:1      | Reached XP level 2. HP: 16/17 MP: 2/2
   529 | D:1      | 529 ||| UPGRADING to ring of protection from cold.
   530 | D:1      | 530 ||| READING scroll labelled ASOATTOP JOCKESTE.
   531 | D:1      | 531 ||| READING scroll labelled QIEPRY LE OX GIO.
   532 | D:1      | 532 ||| READING scroll labelled TYTZENEIBB.
   533 | D:1      | 533 ||| READING scroll labelled OXOEPO RETYLY.
   534 | D:1      | 534 ||| DROPPING scroll of butterflies.
   599 | D:2      | Reached XP level 3. HP: 21/21 MP: 3/3
   698 | D:2      | Reached skill level 5 in Ranged Weapons
   799 | D:2      | Noticed Jessica
   803 | D:2      | Killed Jessica
   804 | D:2      | Reached skill level 3 in Fighting
   804 | D:2      | Reached XP level 4. HP: 28/28 MP: 4/4
   888 | D:2      | Identified the +1 ring mail "Ticem" {rN+ rCorr Dex+5}
  1497 | D:2      | 1497 ||| UPGRADING to +0 ring mail.
  1507 | D:2      | 1507 ||| DROPPING +0 leather armour.
  1508 | D:2      | 1508 ||| UPGRADING to +1 ring mail "Ticem" {rN+ rCorr
                  | Dex+5}.
  1518 | D:2      | 1518 ||| DROPPING +0 ring mail.
  1519 | D:2      | 1519 ||| READING scroll labelled ERREOTH IBREIR.
  1620 | D:2      | 1620 ||| READING 2 scrolls labelled TOPTUS DUXZIRU.
  1621 | D:2      | 1621 ||| READING scroll labelled TETWEJ ZAPA.
  1622 | D:2      | 1622 ||| DRINKING 2 blue potions.
  1629 | D:2      | 1629 ||| DRINKING 4 black potions.
  1630 | D:2      | 1630 ||| DROPPING potion of ambrosia.
  1631 | D:2      | 1631 ||| DROPPING scroll of blinking.
  1669 | D:3      | Found a faded altar of an unknown god.
  1672 | D:3      | 1672 ||| STAIRDANCE
  1879 | D:3      | Reached skill level 1 in Armour
  2198 | D:3      | Noticed Robin
  2207 | D:3      | Killed Robin
  2208 | D:3      | Reached XP level 5. HP: 28/32 MP: 5/5
  2643 | D:3      | 2643 ||| UPGRADING to +0 helmet.
  2648 | D:3      | 2648 ||| DROPPING amulet of magic regeneration.
  2649 | D:3      | 2649 ||| READING scroll labelled AMMUGAL BAKLOWN.
  2650 | D:3      | 2650 ||| DRINKING 3 metallic golden potions.
  2651 | D:3      | 2651 ||| READING 2 scrolls of identify.
  2651 | D:3      | 2651 ||| IDENTIFYING red potion
  2683 | D:4      | Noticed a phantom
  2696 | D:4      | Killed a phantom
  2697 | D:4      | Reached skill level 6 in Ranged Weapons
  2740 | D:4      | Reached XP level 6. HP: 38/38 MP: 6/6
  2848 | D:4      | Noticed a black bear
  2852 | D:4      | Noticed an orc warrior
  2869 | D:4      | Killed a black bear
  2870 | D:4      | Reached skill level 7 in Ranged Weapons
  2873 | D:4      | HP: 8/38 [orc warrior/+0 morningstar (9)]
  2874 | D:4      | 2874 ||| DRINKING 2 potions of heal wounds.
  2882 | D:4      | HP: 7/38 [orc warrior/+0 morningstar (7)]
  2883 | D:4      | 2883 ||| DRINKING potion of heal wounds.
  2889 | D:4      | HP: 4/38 [orc warrior/+0 morningstar (9)]
  2891 | D:4      | Slain by an orc warrior

Levels and vault maps discovered:
D:1:      scummos_arrival_forest, layout_loops_ring
D:2:      layout_basic, kennysheep_jessica_study
D:3:      layout_basic, nicolae_ecumenical_pavilion, uniq_robin
D:4:      layout_rooms, elyvilon_altar_5, uniq_menkaure

Skill      XL: |  1  2  3  4  5  6 |
---------------+-------------------+-----
Ranged Weapons | 5 6 7 |  7.1
Fighting       | 3 4 |  4.0
Armour         | 1 |  1.0
Dodging        | |  1.5
Stealth        | |  1.1

Action                     |  1- 3 |  4- 6 || total
---------------------------+-------+-------++-------
   Fire: Shortbow          |    54 |   188 ||   242
    Use: Scroll            |     4 |     5 ||     9
         Potion            |       |     5 ||     5
 Armour: Leather armour    |     5 |    10 ||    15
         Ring mail         |       |    77 ||    77
  Dodge: Dodged            |     8 |    65 ||    73

Table legend:
 A = Non-vault XP
 B = Vault XP
 C = Vault XP percentage of total XP
 D = Non-vault monster count
 E = Vault monster count
 F = Vault count percentage of total count
                 A         B        C        D         E       F
            +---------+---------+-------+---------+---------+-------
      Total |     465 |      78 |  14.4 |      64 |      15 |  19.0
            +---------+---------+-------+---------+---------+-------
        D:1 |      33 |       0 |   0.0 |      19 |       0 |   0.0
        D:2 |      58 |      39 |  40.2 |      19 |       2 |   9.5
        D:3 |      30 |      39 |  56.5 |      14 |      13 |  48.1
        D:4 |     344 |       0 |   0.0 |      12 |       0 |   0.0
            +---------+---------+-------+---------+---------+-------
